 Dungeon Sprint DCSS version 0.29-a0-384-g6960b1960d (webtiles) character file.

Game seed: 11923052903068104825

6384 mhtbhm the Bludgeoner (level 10, -2/117 HPs)
             Began as a Troll Berserker on May 7, 2022.
             Was a High Priest of Trog.
             Slain by a ghost moth (12 damage)
             ... in the Dungeon (Sprint VII: "The Pits").
             The game lasted 00:03:13 (1430 turns).

mhtbhm the Bludgeoner (Troll Berserker)             Turns: 1430, Time: 00:03:14

Health: -2/117     AC:  6    Str: 31      XL:     10   Next: 65%
Magic:  1/9        EV: 15    Int:  5 (6)  God:    Trog [*****.]
Gold:   0          SH:  0    Dex:  8 (9)  Spells: 9/9 levels left

rFire   + . .      SeeInvis .   a - +5 demon whip of Trog's Indignation {vorpal, rN+}
rCold   . . .      Faith    .   (no shield)
rNeg    + . .      Spirit   .   b - +2 robe {rF+}
rPois   .          Reflect  .   (helmet restricted)
rElec   .          Harm     .   (no cloak)
rCorr   .          Rampage  .   (gloves unavailable)
Will    .....      NoTele   +   (boots unavailable)
Stlth   +.........              (no amulet)
HPRegen 1.09/turn               k - +3 ring of evasion
MPRegen 0.11/turn               l - +3 ring of intelligence

@: on berserk cooldown, slowed, very slow
A: large, unfitting armour, claws 3, regeneration 1, shaggy fur 1, tough skin 1
a: Renounce Religion, Berserk, Trog's Hand, Brothers in Arms


You were in the Dungeon.
You worshipped Trog.
Trog was extremely pleased with you.
You visited 1 branch

Inventory:

Hand Weapons
 a - the +5 demon whip of Trog's Indignation (weapon) {vorpal, rN+}
   (Trog gifted it to you in the Dungeon)

   It inflicts extra damage upon your enemies.
   rN:        It protects you from negative energy.
Armour
 b - a +2 robe of fire resistance (worn)
Jewellery
 k - a +3 ring of evasion (left claw)
 l - a +3 ring of intelligence (right claw)
Scrolls
 h - a scroll of blinking
 i - a scroll of summoning
Potions
 c - 2 potions of invisibility
 d - 9 potions of heal wounds
 e - 2 potions of haste
 f - 4 potions of magic
 g - 4 potions of berserk rage
 j - 6 potions of curing
 m - 4 potions of might


   Skills:
 + Level 12.4 Fighting
 + Level 15.6 Maces & Flails
 + Level 11.5 Dodging
 + Level 1.1 Stealth


You had 9 spell levels left.
You didn't know any spells.
Your spell library was empty.

Dungeon Overview and Level Annotations

Branches:
Dungeon (1/1)

Altars:


Innate Abilities, Weirdness & Mutations

You are too large for most types of armour.
You have claws for hands.
Your natural rate of healing is unusually fast.
You are covered in fur. (AC +1)
You have tough skin. (AC +1)


Message History

Something stings your cyclops! The redback barely misses your cyclops.
The wraith hits your cyclops!
The wraith drains your cyclops's vigour!
Your cyclops seems to slow down.
Unknown command.
You feel a strong urge to attack something.
You feel extremely sick. Something bites your cyclops!
Something completely misses your cyclops.
Something hits your cyclops! Something stings your cyclops!
Your cyclops dies!
Your cyclops's corpse disappears in a puff of smoke!
You are no longer berserk.
You are exhausted.
You feel as though you will be slow longer.
* * * LOW HITPOINT WARNING * * *
You feel extremely sick.
Unknown command.
You feel better.
Unknown command.
Your iron troll goes berserk!
Something hits you.
* * * LOW HITPOINT WARNING * * *
Something hits you but does no damage. Something stings you!
* * * LOW HITPOINT WARNING * * *
You feel clumsy. The wraith hits your iron troll.
The wraith drains your iron troll's vigour!
Your iron troll seems to slow down.
You feel much better. Something hits you but does no damage.
Something hits you. Something stings you!
* * * LOW HITPOINT WARNING * * *
You feel dopey.
The wraith hits your iron troll but does no damage.
Something hits you.
* * * LOW HITPOINT WARNING * * *
Something hits you!
* * * LOW HITPOINT WARNING * * *
Something stings you!
You die...

#...###..+...# .
#...##..##...### ..
##)##..###...'.## ...
..[.....##...#..## ...#
##'###...##)##...###...##
.....##..#...#...#g.o....
......+.)'...+..Wg.ggo...
)....##..#...#.T{#sHgo...
##'###...##'##..@###o..##
..))....##.).#..## ...#
##)##..###)..')## ...
#...##..##...### ..
#...###..+...# . #####
#######


You could see a wraith (ally target), a gnoll sergeant, a gnoll and a friendly
iron troll (summoned, berserk, slow).

Vanquished Creatures
  A boulder beetle (D)
  A molten gargoyle (D)
  2 gargoyles (D)
  A freezing wraith (D)
  Psyche (D)
  A hornet (D)
  4 blink frogs (D)
  A snapping turtle (D)
  4 dream sheep (D)
  3 spriggans (D)
  A ynoxinul (D)
  An air elemental (D)
  A fire bat (D)
  Grum (D)
  4 vampire mosquitoes (D)
  A floating eye (D)
  A water moccasin (D)
  A black bear (D)
  4 wolves (D)
  2 centaurs (D)
  A scorpion (D)
  A crimson imp (D)
  A quasit (D)
  A gnoll shaman (D)
  2 orc priests (D)
  A mummy (D)
  4 gnolls (D)
  An adder (D)
  A river rat (D)
  A white imp (D)
  2 ufetubi (D)
  An adder zombie (D)
  An adder skeleton (D)
  2 orcs (D)
  2 ball pythons (D)
  A bat skeleton (D)
  A giant cockroach (D)
  2 goblins (D)
  2 hobgoblins (D)
  5 jackals (D)
  2 kobolds (D)
71 creatures vanquished.

Notes
Turn   | Place    | Note
-------+----------+-------------------------------------------
     0 | D        | mhtbhm the Troll Berserker began the quest for the Orb.
     0 | D        | Reached XP level 1. HP: 22/22 MP: 0/0
    11 | D        | Noticed a scorpion
    22 | D        | Killed a scorpion
    23 | D        | Reached skill level 4 in Maces & Flails
    23 | D        | Reached XP level 2. HP: 32/32 MP: 1/1
    23 | D        | Reached XP level 3. HP: 39/39 MP: 2/2
    76 | D        | Reached ** piety under Trog
    99 | D        | Reached *** piety under Trog
   100 | D        | Reached skill level 5 in Maces & Flails
   104 | D        | Noticed a water moccasin
   110 | D        | Killed a water moccasin
   111 | D        | Reached skill level 5 in Fighting
   111 | D        | Reached skill level 6 in Maces & Flails
   111 | D        | Reached skill level 5 in Dodging
   111 | D        | Reached XP level 4. HP: 43/50 MP: 3/3
   111 | D        | Reached XP level 5. HP: 49/57 MP: 4/4
   161 | D        | Reached **** piety under Trog
   236 | D        | Reached skill level 7 in Maces & Flails
   238 | D        | Reached ***** piety under Trog
   255 | D        | Reached XP level 6. HP: 56/67 MP: 5/5
   279 | D        | Noticed a floating eye
   284 | D        | Killed a floating eye
   285 | D        | Reached skill level 8 in Maces & Flails
   289 | D        | Identified the +5 demon whip of Trog's Indignation {vorpal,
                  | rN+} (Trog gifted it to you in the Dungeon)
   289 | D        | Received a gift from Trog
   299 | D        | Noticed a ynoxinul
   299 | D        | Noticed a gargoyle
   309 | D        | Reached skill level 9 in Maces & Flails
   336 | D        | Killed a gargoyle
   337 | D        | Reached skill level 10 in Maces & Flails
   337 | D        | Reached XP level 7. HP: 55/79 MP: 6/6
   340 | D        | Killed a ynoxinul
   340 | D        | Reached ****** piety under Trog
   469 | D        | Noticed a fire bat
   471 | D        | Reached skill level 11 in Maces & Flails
   481 | D        | Killed a fire bat
   482 | D        | Reached XP level 8. HP: 49/88 MP: 7/7
   493 | D        | Received a gift from Trog
   534 | D        | Noticed Grum
   534 | D        | Noticed a snapping turtle
   548 | D        | Killed Grum
   549 | D        | Reached skill level 12 in Maces & Flails
   559 | D        | Killed a snapping turtle
   695 | D        | Noticed Psyche
   699 | D        | Received a gift from Trog
   700 | D        | Reached XP level 9. HP: 100/100 MP: 8/8
   704 | D        | Reached skill level 13 in Maces & Flails
   719 | D        | Killed Psyche
   720 | D        | Reached skill level 10 in Fighting
   720 | D        | Reached skill level 10 in Dodging
   832 | D        | Noticed a molten gargoyle
   832 | D        | Noticed a freezing wraith
   840 | D        | Killed a freezing wraith
   847 | D        | Killed a molten gargoyle
   999 | D        | Received a gift from Trog
  1000 | D        | Reached skill level 14 in Maces & Flails
  1011 | D        | Reached XP level 10. HP: 99/113 MP: 9/9
  1036 | D        | Noticed a boulder beetle
  1036 | D        | Noticed a gargoyle
  1051 | D        | Killed a gargoyle
  1236 | D        | Killed a boulder beetle
  1236 | D        | Received a gift from Trog
  1237 | D        | Reached skill level 15 in Maces & Flails
  1322 | D        | Received a gift from Trog
  1323 | D        | Reached skill level 1 in Stealth
  1325 | D        | Noticed a spriggan rider
  1413 | D        | Noticed a manticore
  1418 | D        | Paralysed by an air elemental for 1 turns
  1430 | D        | Slain by a ghost moth

Illustrated notes

Levels and vault maps discovered:
D:        pitsprint [storerooms_1, entrance_room_1, metal_vault_5, armoury_1,
          mini_pit_1, grid_room_1, main_hall_1, silver_pit, the_coven_3,
          the_vestibule_1, steel_vault_2, golden_pit, hallway_of_sentries,
          crystal_vault_2, iron_vault_1, final_vault]

Skill      XL: |  1  2  3  4  5  6  7  8  9 10 |
---------------+-------------------------------+-----
Fighting       | 4 5 6 7 8 9 11 12 | 12.4
Maces & Flails | 4 6 7 10 11 12 14 15 | 15.6
Dodging        | 4 5 6 8 9 10 11 | 11.5
Stealth        | 1 |  1.1

Action                   |  1- 3 |  4- 6 |  7- 9 | 10-12 || total
-------------------------+-------+-------+-------+-------++-------
Melee: Mace              |    34 |    53 |       |       ||    87
       Demon whip        |       |    32 |    93 |    68 ||   193
       Punch             |       |     1 |     2 |       ||     3
Invok: Berserk           |     2 |     2 |     3 |     1 ||     8
       Brothers in Arms  |       |       |       |     2 ||     2
  Use: Potion            |     1 |       |       |     2 ||     3
Armor: Animal skin       |    20 |    27 |    14 |       ||    61
       Robe              |       |       |       |     9 ||     9
Dodge: Dodged            |    26 |    60 |    64 |    30 ||   180

Table legend: (Time is in decaauts)
 A = Elapsed time spent in this place.
 B = Non-inter-level travel time spent in this place.
 C = Inter-level travel time spent in this place.
 D = Time resting spent in this place.
 E = Time spent auto-exploring this place.
 F = Levels seen in this place.
 G = Mean time per level.
                   A        B        C        D        E       F      G
               +--------+--------+--------+--------+--------+-----+--------+
         Total |   1413 |   1413 |      0 |    793 |     33 |   1 | 1413.0 |
       Dungeon |   1413 |   1413 |      0 |    793 |     33 |   1 | 1413.0 |
               +--------+--------+--------+--------+--------+-----+--------+

Top non-repeatable levels by time:
       D: 1413 daAuts
